 Dungeon Crawl Stone Soup version 0.19.5 (webtiles) character file.

144 JeffiDaFish the Grave Robber (level 5, -6/36 HPs)
             Began as a Vampire Necromancer on Mar 11, 2017.
             Mangled by a worm (9 damage)
             ... on level 3 of the Dungeon.
             The game lasted 00:12:23 (3080 turns).

JeffiDaFish the Grave Robber (Vampire Necromancer)  Turns: 3080, Time: 00:12:24

Health: -6/36      AC:  5    Str:  7    XL:     5   Next: 5%
Magic:  0/9        EV: 10    Int: 18    God:
Gold:   80         SH:  0    Dex: 15    Spells: 3 memorised, 4 levels left

rFire  . . .     SeeInvis +     f - +0 trident
rCold  . . .     Gourm    .     h - +0 ring mail
rNeg   + . .     Faith    .     (no shield)
rPois  .         Spirit   .     (no helmet)
rElec  .         Reflect  .     (no cloak)
rCorr  .         Harm     .     (no gloves)
MR     .....                    (no boots)
Stlth  ++........               (no amulet)
                                (no ring)
                                g - ring of wizardry

@: no status effects
A: fangs 3, see invisible, unbreathing
a: Bat Form


You were on level 3 of the Dungeon.
You were not thirsty.

You visited 1 branch of the dungeon, and saw 3 of its levels.

You collected 80 gold pieces.

Inventory:

Hand Weapons
 d - a +0 dagger
 f - a +0 trident (weapon)
Armour
 h - a +0 ring mail (worn)
Jewellery
 g - a ring of wizardry (left hand)
Scrolls
 a - 3 scrolls of identify
Potions
 c - 8 potions of blood
Books
 b - a book of Necromancy

   Spells                             Type                      Level
   a - Pain                           Necromancy                   1
   b - Animate Skeleton               Necromancy                   1
   c - Vampiric Draining              Necromancy                   3
   d - Regeneration                   Charms/Necromancy            3
   e - Animate Dead                   Necromancy                   4
   f - Control Undead                 Necromancy                   4


   Skills:
 + Level 0.8 Fighting
 - Level 0.7 Short Blades
 + Level 0.5 Polearms
 * Level 1.0 Armour
 - Level 2.3 Dodging
 - Level 3.2 Stealth
 * Level 2.9 Spellcasting
 * Level 5.6 Necromancy


You had 4 spell levels left.
You knew the following spells:

 Your Spells              Type           Power        Failure   Level  Hunger
a - Pain                  Necr           ###.         3%          1    None
b - Animate Skeleton      Necr           N/A          3%          1    None
c - Vampiric Draining     Necr           ###.......   9%          3    ###....


Dungeon Overview and Level Annotations

Branches:
Dungeon (3/15)

Altars:
Nemelex Xobeh
Trog


Innate Abilities, Weirdness & Mutations

You have razor-sharp teeth.
You have supernaturally acute eyesight. (SInv)
You can survive without breathing.


Message History

Confirm with . or Enter, or press ? or * to list all spells.
Aiming: Vampiric Draining
Press: ? - help, Shift-Dir - straight line, f/p - worm
Aim: a worm (heavily wounded)
The worm is almost dead.
You feel life coursing into your body. The worm misses you.
Your ring mail prevents you from hitting the worm.
The worm is almost dead.
The worm bites you.
* * * LOW HITPOINT WARNING * * *
Casting: Vampiric Draining
Confirm with . or Enter, or press ? or * to list all spells.
Aiming: Pain
Press: ? - help, Shift-Dir - straight line, f/p - worm
Aim: a worm (severely wounded, chance to defeat MR: 88%)
The worm writhes in agony!
You hit the worm but do no damage.
The worm is almost dead.
The worm bites you!
You die...

#..).....#....###....#
#...##
#.##..####...##y##...#
#...%. ##<##.##
#....###†...# #.#.##
>..##.# #...........#
#.#.# #####.#
##.........## #.#.##
#.# ##.......## #.....
#.# ####.#### #..###
#.. #w##.# #..### ###
#@#..# #..##.
..###....# #.....
#.........# ##.##.
.....###.## #.###
####. #.## #.# # #
#..## #.# ##.#.####
#.# #. #.......## #.#
..###...#..>####.#


You could see a moth of wrath and a worm.

Vanquished Creatures
  Terence (D:2)
  6 adders
  4 worms (D:3)
  A dart slug (D:3)
  4 orcs (D:3)
  A ball python (D:1)
  7 goblins
  4 hobgoblins
  7 kobolds
  6 bats
  2 frilled lizards
  8 rats
51 creatures vanquished.

Vanquished Creatures (collateral kills)
  A rat (D:2)
1 creature vanquished.

Grand Total: 52 creatures vanquished

Notes
Turn   | Place    | Note
-------+----------+-------------------------------------------
     0 | D:1      | JeffiDaFish the Vampire Necromancer began the quest for the Orb.
     0 | D:1      | Reached XP level 1. HP: 13/13 MP: 3/3
    50 | D:1      | Learned a level 1 spell: Animate Skeleton
   564 | D:1      | Reached XP level 2. HP: 19/19 MP: 3/5
   755 | D:1      | Reached skill level 5 in Necromancy
   923 | D:1      | Reached XP level 3. HP: 20/24 MP: 1/6
   996 | D:1      | Learned a level 3 spell: Vampiric Draining
  1205 | D:2      | Noticed Terence
  1210 | D:2      | Killed Terence
  1750 | D:2      | Found a sparkling altar of Nemelex Xobeh.
  2146 | D:3      | Reached XP level 4. HP: 26/30 MP: 2/7
  2445 | D:3      | Reached skill level 1 in Armour
  3031 | D:3      | Noticed a moth of wrath
  3034 | D:3      | Found a bloodstained altar of Trog.
  3045 | D:3      | Reached XP level 5. HP: 28/36 MP: 5/9
  3080 | D:3      | Mangled by a worm

Skill      XL: |  1  2  3  4 |
---------------+-------------+-----
Necromancy     | 5 |  5.6
Armour         | 1 |  1.0
Fighting       | |  0.8
Short Blades   | |  0.7
Polearms       | |  0.5
Dodging        | |  2.3
Stealth        | |  3.2
Spellcasting   | |  2.9

Action                   |  1- 3 |  4- 6 || total
-------------------------+-------+-------++-------
Melee: Dagger            |    28 |       ||    28
       Unarmed           |     2 |       ||     2
       Trident           |    22 |    77 ||    99
       Bite              |     2 |     5 ||     7
 Cast: Pain              |    33 |    23 ||    56
       Animate Skeleton  |     7 |     2 ||     9
       Vampiric Draining |     2 |     4 ||     6
  Use: Potion            |     5 |     4 ||     9
       Scroll            |     3 |     1 ||     4
 Stab: Sleeping          |     3 |       ||     3
Armor: Leather armour    |     8 |     1 ||     9
       Robe              |     1 |       ||     1
       Ring mail         |       |    16 ||    16
Dodge: Dodged            |    31 |    41 ||    72
